 Dungeon Crawl Stone Soup version 0.22-a0-265-g0d8bc90 (webtiles) character file.

2220373 kuniqs the Slayer (level 26, 241/316 HPs)
             Began as a Deep Dwarf Fighter on Mar 6, 2018.
             Was the Champion of Makhleb.
             Escaped with the Orb
             ... and 3 runes!
             The game lasted 01:33:42 (41518 turns).

kuniqs the Slayer (Deep Dwarf Fighter)             Turns: 41518, Time: 01:33:43

Health: 241/316    AC: 50    Str: 36    XL:     26   Next: 61%
Magic:  15/15      EV: 21    Int:  5    God:    Makhleb [******]
Gold:   2113       SH: 39    Dex: 21    Spells: 25/25 levels left

rFire    + + +     SeeInvis .   r - +9 broad axe (chop)
rCold    + + .     Gourm    .   Q - +10 large shield of Ignorance {rN+ Int-4}
rNeg     + + +     Faith    .   P - +14 crystal plate armour
rPois    +         Spirit   .   h - -2 hat of the Alchemist {rElec rPois rF+ rC+ rN+ MR+ rMut rCorr}
rElec    +         Reflect  +   C - +2 cloak {rPois}
rCorr    +         Harm     .   R - +2 pair of gloves "Deryv" {Str+4 Dex+3 Slay+2}
rMut     +                      A - +2 pair of boots "Logenk" {rElec rPois rF+}
MR       +++++                  U - amulet "Temuh" {Reflect MR+ Slay+2 SH+3}
Stlth    ..........             w - ring of Dishonesty {rPois Str+2 Slay+2}
HPRegen  0.00/turn              c - ring of Nyiv {rF+ rC+ rN+ Dex+4}
MPRegen  0.14/turn

@: non-regenerating
A: damage resistance, heal wounds, camouflage 1, agile 1, dopey 1, negative
energy resistance 1, sense surroundings 3, robust 1, subdued magic 2, no
regeneration
0: Orb of Zot
}: 3/15 runes: serpentine, barnacled, silver
a: Heal Wounds, Minor Destruction, Lesser Servant of Makhleb, Major Destruction,
Greater Servant of Makhleb, Renounce Religion


You escaped.
You worshipped Makhleb.
Makhleb was exalted by your worship.
You were full.

You visited 11 branches of the dungeon, and saw 53 of its levels.
You also visited: Trove.

You collected 6383 gold pieces.
You spent 4270 gold pieces at shops.

Inventory:

Hand Weapons
 r - a +9 broad axe of chopping (weapon)
 N - a +0 broad axe of flaming
Missiles
 j - 6 throwing nets (quivered)
Armour
 h - the -2 hat of the Alchemist (worn) {rElec rPois rF+ rC+ rN+ MR+ rMut rCorr}
   (You found it on level 5 of the Vaults)

   It protects you from fire.
   It protects you from cold.
   It insulates you from electricity.
   It protects you from poison.
   It protects you from negative energy.
   It affects your resistance to hostile enchantments.
   It protects you from acid and corrosion.
   It protects you from mutation.
 A - the +2 pair of boots "Logenk" (worn) {rElec rPois rF+}
   (You found it in a treasure trove)

   It protects you from fire.
   It insulates you from electricity.
   It protects you from poison.
 C - a +2 cloak of poison resistance (worn)
 P - a +14 crystal plate armour (worn)
 Q - the +10 large shield of Ignorance (worn) {rN+ Int-4}
   (You found it in a treasure trove)

   It affects your intelligence (-4).
   It protects you from negative energy.
 R - the +2 pair of gloves "Deryv" (worn) {Str+4 Dex+3 Slay+2}
   (You found it in a treasure trove)

   It affects your strength (+4).
   It affects your dexterity (+3).
   It affects your accuracy and damage with ranged weapons and melee attacks
   (+2).
Jewellery
 c - the ring of Nyiv (right hand) {rF+ rC+ rN+ Dex+4}
   (You bought it in a shop on level 2 of the Elven Halls)

   [ring of protection from fire]

   It affects your dexterity (+4).
   It protects you from fire.
   It protects you from cold.
   It protects you from negative energy.
 w - the ring of Dishonesty (left hand) {rPois Str+2 Slay+2}
   (You took it off a deep elf sorcerer on level 3 of the Elven Halls)

   [ring of poison resistance]

   It affects your strength (+2).
   It affects your accuracy and damage with ranged weapons and melee attacks
   (+2).
   It protects you from poison.
 U - the amulet "Temuh" (around neck) {Reflect MR+ Slay+2 SH+3}
   (You bought it in a shop on level 3 of the Snake Pit)

   [amulet of reflection]

   It shields you and reflects attacks.
   It affects your accuracy and damage with ranged weapons and melee attacks
   (+2).
   It affects your resistance to hostile enchantments.
   It affects your SH (+3).
Wands
 a - a wand of iceblast (24)
 i - a wand of clouds (9)
 l - a wand of paralysis (70)
 q - a wand of random effects (25)
 y - a wand of acid (10)
 D - a wand of flame (144)
 E - a wand of digging (3)
 G - a wand of polymorph (56)
 J - a wand of enslavement (11)
 L - a wand of disintegration (34)
Scrolls
 e - a scroll of magic mapping
 p - 18 scrolls of teleportation
 s - 2 scrolls of immolation
 x - 9 scrolls of fear
 B - 6 scrolls of blinking
 H - 9 scrolls of fog
 M - 19 scrolls of remove curse {@r2}
 S - 2 scrolls of summoning
 W - 4 scrolls of holy word
 Y - 2 scrolls of silence
Potions
 b - 6 potions of haste
 d - 7 potions of might
 m - 5 potions of resistance
 n - 4 potions of cancellation
 o - 8 potions of curing {@q1}
 t - 4 potions of flight
 u - 6 potions of heal wounds
 z - 6 potions of agility
 F - 10 potions of lignification
 I - 3 potions of ambrosia
 K - 7 potions of mutation
 V - a potion of invisibility
Comestibles
 f - 57 rations


   Skills:
 + Level 26.9 Fighting
 - Level 20.3 Axes
 - Level 20.0 Armour
 - Level 20.0 Dodging
 - Level 20.0 Shields
 - Level 6.0 Invocations


You had 25 spell levels left.
You didn't know any spells.

Dungeon Overview and Level Annotations

Branches:
Dungeon (15/15)            Temple (1/1) D:5            Lair (6/6) D:11
 Shoals (4/4) Lair:4        Snake (4/4) Lair:4        Slime (0/5) Lair:6
    Orc (2/2) D:9             Elf (3/3) Orc:2        Vaults (5/5) D:14
  Crypt (3/3) Vaults:3       Tomb (0/3) Crypt:3      Depths (5/5) D:15
    Zot (5/5) Depths:5

Altars:
Ashenzari
Cheibriados
Dithmenos
Elyvilon
Fedhas
Gozag
Hepliaklqana
Kikubaaqudgha
Makhleb
Nemelex Xobeh
Okawaru
Qazlal
Ru
Sif Muna
Trog
Uskayaw
Vehumet
Wu Jian
Xom
Yredelemnul
Zin
The Shining One
Beogh
Jiyva

Shops:
D:8 :%=   D:13 (   Orc:1 ?   Orc:2 :[*(   Elf:1 }   Elf:2 }[(=?   Elf:3 [
Shoals:1 [   Snake:1 ?:(   Snake:3 %[[%}}=}   Vaults:1 =   Vaults:3 *
Vaults:4 =   Vaults:5 ?   Depths:3 =

Portals:
Hell: Depths:2
Pandemonium: Depths:3

Annotations:
D:7 1 exclusion
Snake:2 exclusion: Roxanne, Roxanne
Elf:2 5 runed doors


Innate Abilities, Weirdness & Mutations

You are resistant to damage.
You can heal yourself by infusing magical energy.
You resist negative energy. (rN+)
You passively map a large area around you.
You do not regenerate.
Your skin changes colour to match your surroundings (Stealth+).
You are agile. (Dex +2)
You are dopey. (Int -2)
You are robust. (+10% HP)
Your spells are easier to cast, but less powerful.


Message History

No target in view!
No target in view!
No target in view!
No target in view!
(D) Dungeon (T) Temple (L) Lair (A) Shoals (P) Snake Pit (M) Slime Pits (O) Orcish Mines (E) Elven Halls (V) Vaults (C) Crypt (W) Tomb (U) Depths (H) Hell (Z) Zot
Where to? (Enter - D:1, ? - help)
A Hell Sentinel comes into view.
The Hell Sentinel roars!
The Hell Sentinel gestures at you.
The sphere of damnation explodes!
The damnation engulfs you!
There is a stone staircase leading up here.
You climb upwards.
There is a stone staircase leading down here.
There is an open door here.
There is an open door here.
There is a staircase leading out of the dungeon here.
You have escaped!

##.........###########......#####
#......####.........####........
#.....##...####'####...##..###.)
#....##.#### #...# ####.##.####.
#....#.## #...# ##.#..###.
#######.########'### ####.##.##..
...).#.##≈..##.....###.§##.#....#
####.#.#≈≈..#.......#..≈§#.#..#.#
#...#≈§..'...@...'..≈≈#......#
###.#.#§§§.#.......#..§§#.#.....
#...#.##≈..##.....###.≈##.#.....
#...##.########+### ####.##.....
#....#.## #...# ##.#.)....
####.##.#### #...# ####.##......
#..##...####'####...##.......
##..####.........####........
##....###########...........


There were no monsters in sight!

Vanquished Creatures
  6 orbs of fire (Zot:5)
  2 pandemonium lords
  6 ancient liches
  Frederick (Crypt:1)
  Saint Roka (Orc:2)
  Xtahua (Vaults:3)
  A curse toe (Crypt:3)
  5 Killer Klowns
  9 golden dragons
  The ghost of braks the Acrobat, an adept BaTm of Cheibriados (Depths:1)
  Jory (Crypt:2)
  2 electric golems
  Jorgrun (Vaults:5)
  8 tentacled monstrosities
  An Ice Fiend (Zot:4)
  20 Orb Guardians (Zot:5)
  7 liches
  Asterion (Snake:2)
  4 deep elf blademasters (Elf:3)
  5 quicksilver dragons
  2 deep elf master archers (Elf:3)
  4 titans
  6 sphinxes
  Polyphemus (Shoals:4)
  5 krakens (Shoals:4)
  6 ancient champions
  2 death cobs (Zot:1)
  3 tengu reavers (Vaults:5)
  Frances (Elf:1)
  10 shadow dragons
  Kirke (D:13)
  Donald (Shoals:1)
  9 storm dragons
  2 revenants
  10 nagarajas
  A draconian monk (Zot:1)
  Ilsuiw (Shoals:4)
  A draconian knight (Depths:5)
  A cacodemon (D:10)
  3 fire giants
  9 deep elf sorcerers
  7 frost giants
  A ghost moth (Zot:1)
  16 vault wardens
  2 deep elf elementalists
  Louise (Snake:3)
  2 orc warlords (Depths:3)
  2 draconian shifters
  3 curse skulls (Crypt:3)
  9 very ugly things
  2 large abominations
  16 stone giants
  18 ironheart preservers
  3 ghouls
  A war gargoyle (Vaults:5)
  A reaper (Crypt:2)
  3 black draconians
  7 vampire knights
  3 green draconians
  2 entropy weavers
  7 deep elf annihilators
  A minotaur (Depths:3)
  A dire elephant (D:15)
  A black sun (Depths:5)
  6 deep elf demonologists
  A lorocyproca (Depths:5)
  3 red draconians (Depths:5)
  6 white draconians
  3 yellow draconians
  4 purple draconians
  4 eidola
  14 deep elf death magi
  A blizzard demon (Depths:5)
  5 merfolk javelineers
  Josephine (Lair:6)
  4 deep elf high priests
  11 jiangshi
  14 ettins
  9 merfolk impalers
  2 rakshasas
  4 fire dragons
  12 ogre magi
  33 vault guards
  18 naga warriors
  9 yaktaur captains
  2 great orbs of eyes
  Harold (D:12)
  7 hydras
  A monstrous demonspawn (Depths:5)
  4 ice dragons
  2 merfolk avatars (Shoals:4)
  4 death knights
  An alligator snapping turtle (Shoals:2)
  11 anacondas
  10 centaur warriors
  A catoblepas (Shoals:4)
  25 two-headed ogres
  8 dancing weapons
  2 deep troll earth magi (D:15)
  6 deep troll shamans
  11 merfolk aquamancers
  2 tengu warriors
  11 naga sharpshooters
  8 vampire magi
  2 death yaks (Shoals:4)
  9 shock serpents
  3 orc high priests
  A titan zombie (Crypt:3)
  24 deep elf knights
  4 soul eaters
  3 spriggan berserkers
  7 hell knights
  A titan skeleton (Crypt:3)
  A shadow wraith (Vaults:2)
  16 skeletal warriors
  2 iron trolls
  6 salamander mystics
  3 unseen horrors
  An unseen horror (shapeshifter) (Elf:1)
  24 sea snakes
  6 wizards
  An entropy weaver zombie (Vaults:2)
  A torturous demonspawn (Depths:5)
  A sea snake (shapeshifter) (Vaults:1)
  Pikel (D:8)
  3 glowing orange brains
  15 ironbrand convokers
  4 flayed ghosts
  An anaconda skeleton (Crypt:3)
  6 deep trolls
  17 deep elf archers
  13 phantasmal warriors
  9 naga ritualists
  18 orc knights
  20 harpies
  A swamp dragon (shapeshifter) (Vaults:3)
  A wolf spider zombie (Crypt:2)
  A shadow dragon skeleton (Crypt:2)
  7 necromancers
  21 ugly things
  62 deep elf magi
  A wolf spider (shapeshifter) (D:15)
  5 wolf spiders
  11 fauns
  11 mana vipers
  A shining eye (D:8)
  16 salamanders
  20 manticores
  6 cyclopes
  6 orc sorcerers
  A shock serpent zombie (Crypt:2)
  18 slime creatures
  6 elephants
  10 moths of wrath
  A stone giant skeleton (Crypt:1)
  3 frost giant skeletons
  29 naga magi
  29 black mambas
  12 merfolk sirens
  A black mamba (shapeshifter) (Vaults:1)
  Joseph (D:7)
  4 guardian serpents
  25 vault sentinels
  A rust devil (Zot:4)
  7 water nymphs
  A gargoyle (D:12)
  2 orange demons
  A torpor snail (Lair:4)
  A spriggan skeleton (Depths:1)
  A human zombie (Vaults:2)
  2 fire giant skeletons
  A rime drake (Lair:3)
  6 spiny frogs
  An efreet (D:14)
  2 dire elephant skeletons
  A yaktaur (shapeshifter) (Vaults:1)
  11 komodo dragons
  7 harpy zombies
  A minotaur skeleton (Crypt:1)
  2 ice devils
  33 yaktaurs
  An anaconda simulacrum (Crypt:1)
  A human skeleton (Vaults:2)
  7 freezing wraiths
  A red devil (D:2)
  A green draconian skeleton (Crypt:2)
  2 hellwings (D:4)
  33 merfolk
  A sea snake skeleton (Crypt:2)
  A meliai (shapeshifter) (Vaults:3)
  2 polar bears (shapeshifter)
  4 polar bears (Lair:6)
  9 trolls
  A jumping spider (shapeshifter) (Vaults:1)
  3 meliai (D:13)
  A troll (shapeshifter) (Depths:4)
  A bog body (Crypt:3)
  A wind drake (shapeshifter) (Vaults:3)
  10 hornets
  Grinder (D:3)
  7 wind drakes
  A hydra skeleton (Crypt:3)
  5 blink frogs (Lair:6)
  A dream sheep (Lair:6)
  11 snapping turtles
  A raiju (shapeshifter) (Vaults:1)
  The ghost of Pawles22 the Slinger, an amateur HaHu (D:3)
  A spriggan zombie (Depths:1)
  16 hippogriffs
  7 redbacks
  23 flying skulls
  2 vampires (Depths:3)
  14 wraiths
  A yak (shapeshifter) (Vaults:2)
  39 yaks
  14 spriggans
  3 wyverns
  18 water elementals
  3 shadows
  5 fire elementals
  2 hogs (D:13)
  Grum (D:8)
  2 basilisks
  A chaos spawn (D:14)
  5 hungry ghosts
  7 vampire mosquitoes
  Edmund (D:4)
  51 nagas
  Menkaure (D:4)
  A soldier ant (D:11)
  3 acid dragons
  4 wargs
  9 water moccasins
  3 porcupines
  2 ice beasts
  A monstrous demonspawn skeleton (Crypt:1)
  2 hell hounds (D:11)
  39 orc warriors
  A sky beast (D:11)
  2 black bears (shapeshifter)
  A spriggan simulacrum (Depths:1)
  6 black bears
  A manticore zombie (Crypt:1)
  5 necrophages
  A fire dragon simulacrum (Depths:1)
  22 wolves
  31 ogres
  6 phantoms
  An ogre (shapeshifter) (D:15)
  18 boggarts
  An ettin simulacrum (Crypt:1)
  30 centaurs
  A centaur (shapeshifter) (Vaults:5)
  2 big kobolds
  A salamander zombie (Crypt:2)
  8 crocodiles
  A hippogriff zombie (Shoals:3)
  5 earth elementals
  20 bullfrogs
  A gnoll sergeant (D:5)
  A cyclops zombie (Crypt:2)
  A wyvern skeleton (D:6)
  6 scorpions
  A yak zombie (Crypt:2)
  8 killer bees
  A raiju zombie (Crypt:1)
  A polar bear skeleton (Crypt:3)
  A water moccasin skeleton (Crypt:1)
  A troll skeleton (Crypt:1)
  7 wights
  3 electric eels
  3 howler monkeys (D:8)
  6 crimson imps
  A basilisk zombie (Crypt:3)
  A bullfrog zombie (D:9)
  2 centaur skeletons
  4 centaur zombies
  10 hounds
  24 orc priests
  2 bullfrog skeletons
  11 jellies
  2 iguanas
  37 orc wizards
  7 worker ants
  A worker ant (shapeshifter) (Vaults:3)
  A big kobold zombie (Crypt:2)
  A hound zombie (D:5)
  2 ogre skeletons (Crypt:3)
  2 hound skeletons
  5 worker ant zombies
  11 adders
  5 gnolls
  A steam dragon skeleton (Crypt:1)
  6 shadow imps
  6 oozes
  An adder zombie (Crypt:3)
  An adder skeleton (D:10)
  4 worms
  3 dart slugs
  3 leopard geckos
  78 orcs
  2 ball pythons (D:3)
  11 giant cockroaches
  A gnoll zombie (Crypt:2)
  10 hobgoblins
  6 jackals
  3 quokkas
  12 bats
  3 frilled lizards
  5 goblins
  A hobgoblin zombie (Crypt:3)
  A jackal skeleton (D:4)
  A jackal zombie (D:5)
  12 kobolds
  A leopard gecko skeleton (D:4)
  2 quokka zombies
  6 rats
  7 crawling corpses
  5 fungi
  3 plants
  18 tentacles (Shoals:4)
2102 creatures vanquished.

Vanquished Creatures (collateral kills)
  Rupert (Lair:3)
  The ghost of 4thArraOfDagon the Black Belt, an adept HaAE of Cheibriados (Snake:1)
  A black mamba (Snake:2)
  An orc priest (Orc:2)
  An orc (Orc:2)
5 creatures vanquished.

Vanquished Creatures (others)
  A deep elf master archer (Elf:3)
  An ironheart preserver (Vaults:5)
  A stone giant (Depths:3)
  A deep elf demonologist (Vaults:2)
  5 merfolk javelineers
  2 yaktaur captains (Vaults:5)
  A vault guard (Vaults:5)
  A vampire mage (Depths:2)
  A satyr (Shoals:4)
  2 deep elf knights
  3 naga sharpshooters (Snake:4)
  A wizard (Depths:3)
  An ironbrand convoker (Vaults:1)
  A deep elf archer (Elf:1)
  A faun (Shoals:2)
  A black mamba (Snake:4)
  A guardian serpent (Snake:4)
  A cyclops (Vaults:1)
  2 naga magi (Snake:4)
  A torpor snail (Shoals:2)
  10 yaktaurs
  A human (D:13)
  A naga (Snake:4)
  2 slaves (D:8)
  A centaur (Shoals:4)
  A crimson imp (Depths:4)
  A worker ant (D:13)
  A hound skeleton (D:8)
  2 orcs
  2 kobolds (D:8)
  3 fungi
  10 plants
  18 tentacles (Shoals:4)
82 creatures vanquished.

Grand Total: 2189 creatures vanquished

Notes
Turn   | Place    | Note
-------+----------+-------------------------------------------
     0 | D:1      | kuniqs the Deep Dwarf Fighter began the quest for the Orb.
     0 | D:1      | Reached XP level 1. HP: 20/20 MP: 1/1
    35 | D:1      | Reached XP level 2. HP: 27/27 MP: 2/2
   144 | D:1      | Reached skill level 1 in Dodging
   248 | D:1      | Reached XP level 3. HP: 28/33 MP: 3/3
   500 | D:1      | Reached skill level 3 in Fighting
   674 | D:2      | Reached XP level 4. HP: 41/42 MP: 4/4
  1144 | D:3      | Found a radiant altar of Vehumet.
  1285 | D:3      | Noticed Grinder
  1288 | D:3      | Paralysed by Grinder for 2 turns
  1292 | D:3      | Paralysed by Grinder for 6 turns
  1333 | D:3      | Killed Grinder
  1333 | D:3      | Reached XP level 5. HP: 50/50 MP: 4/4
  1333 | D:3      | Reached XP level 6. HP: 57/57 MP: 5/5
  1687 | D:3      | Noticed Pawles22's ghost (amateur HaHu)
  1751 | D:3      | Killed Pawles22's ghost
  1751 | D:3      | Reached skill level 4 in Fighting
  1751 | D:3      | Reached skill level 5 in Armour
  1751 | D:3      | Reached skill level 5 in Shields
  1751 | D:3      | Reached XP level 7. HP: 39/64 MP: 6/6
  1768 | D:3      | Found a sacrificial altar of Ru.
  1816 | D:4      | Noticed Menkaure
  1817 | D:4      | Noticed Edmund
  2120 | D:4      | Killed Menkaure
  2145 | D:4      | Killed Edmund
  2238 | D:4      | Reached skill level 5 in Axes
  2238 | D:4      | Reached XP level 8. HP: 51/73 MP: 7/7
  2341 | D:5      | Entered Level 5 of the Dungeon
  2465 | D:5      | Reached skill level 5 in Fighting
  2617 | D:6      | Reached skill level 5 in Dodging
  2633 | D:6      | Got a crystal short sword
  2671 | D:6      | Identified the +4 short sword "Sedoo" {pierce, Dex+2 SInv} (You found it on level 6 of the Dungeon)
  2736 | D:6      | Found a snail-covered altar of Cheibriados.
  2850 | D:6      | You fall through a shaft!
  3020 | D:6      | Gained mutation: You passively map the area around you. [Deep Dwarf growth]
  3020 | D:6      | Reached XP level 9. HP: 52/81 MP: 6/6
  3177 | D:7      | Noticed Joseph
  3242 | D:7      | Killed Joseph
  3539 | D:7      | Found an ancient bone altar of Kikubaaqudgha.
  3668 | D:7      | Reached skill level 6 in Fighting
  4099 | D:5      | Found a staircase to the Ecumenical Temple.
  4105 | Temple   | Entered the Ecumenical Temple
  4218 | Temple   | Became a worshipper of Makhleb the Destroyer
  4401 | D:5      | Found a shimmering altar of Xom.
  4402 | D:5      | Found a hazy altar of Hepliaklqana.
  4403 | D:5      | Noticed a spectral ugly thing
  4474 | D:5      | Reached skill level 1 in Invocations
  4893 | D:8      | Noticed a two-headed ogre
  4894 | D:8      | Noticed a shining eye
  4894 | D:8      | a two-headed ogre changed into a shining eye
  4895 | D:8      | Gained mutation: You occasionally shout uncontrollably at your foes. [a shining eye]
  4901 | D:8      | Gained mutation: You are frail. (-10% HP) [a shining eye]
  4902 | D:8      | Gained mutation: Scrolls take you a little longer to read. [a shining eye]
  4904 | D:8      | Gained mutation: Your spells are a little easier to cast, but a little less powerful. [a shining eye]
  4905 | D:8      | Killed a shining eye
  4905 | D:8      | Reached XP level 10. HP: 73/82 MP: 6/6
  4928 | D:8      | Found Ihesujol's Jewellery Shop.
  4969 | D:8      | Noticed Pikel
  5016 | D:8      | Killed Pikel
  5070 | D:8      | Found Pian's Book Shoppe.
  5134 | D:8      | Reached * piety under Makhleb
  5206 | D:8      | Found Liycwuh's Food Boutique.
  5292 | D:8      | Noticed Grum
  5339 | D:8      | Killed Grum
  5608 | D:8      | Found a shadowy altar of Dithmenos.
  5609 | D:8      | Found a snail-covered altar of Cheibriados.
  5661 | D:8      | Lost mutation: You occasionally shout uncontrollably at your foes. [potion of mutation]
  5661 | D:8      | Lost mutation: Scrolls take you a little longer to read. [potion of mutation]
  5661 | D:8      | Lost mutation: You are frail. (-10% HP) [potion of mutation]
  5661 | D:8      | Gained mutation: You are robust. (+10% HP) [potion of mutation]
  5661 | D:8      | Gained mutation: Your skin changes colour to match your surroundings (Stealth+). [potion of mutation]
  5661 | D:8      | Gained mutation: You are agile. (Dex +2) [potion of mutation]
  5724 | D:9      | Found a staircase to the Orcish Mines.
  5724 | D:9      | Noticed a two-headed ogre
  5737 | D:9      | Killed a two-headed ogre
  5737 | D:9      | Reached skill level 7 in Fighting
  5788 | D:9      | Reached skill level 5 in Invocations
  5836 | D:9      | Reached ** piety under Makhleb
  5898 | D:9      | Found a shadowy altar of Dithmenos.
  6242 | D:10     | Entered Level 10 of the Dungeon
  6477 | D:10     | Reached XP level 11. HP: 110/110 MP: 7/7
  6786 | D:10     | Found a hide-covered altar of Uskayaw.
  6960 | D:11     | Noticed a purple ugly thing
  6988 | D:11     | Killed a purple ugly thing
  7083 | D:11     | Reached *** piety under Makhleb
  7130 | D:11     | Found a staircase to the Lair.
  7573 | D:11     | Noticed an unseen horror
  7599 | D:11     | Killed an unseen horror
  8207 | Lair:1   | Entered Level 1 of the Lair of Beasts
  8226 | Lair:1   | Reached skill level 8 in Fighting
  8429 | Lair:1   | Reached **** piety under Makhleb
  8705 | Lair:1   | Noticed Sonja
  8707 | Lair:1   | Noticed Sonja
  8707 | Lair:1   | Sonja changed into Sonja the wyvern
  8715 | Lair:1   | Killed Sonja the wyvern
  8900 | Lair:1   | Reached skill level 10 in Shields
  9136 | Lair:2   | Reached skill level 10 in Armour
  9136 | Lair:2   | Reached XP level 12. HP: 103/122 MP: 9/9
  9203 | Lair:2   | Noticed a five-headed hydra
  9218 | Lair:2   | Killed a five-headed hydra
  9274 | Lair:2   | Got a wavering copper amulet
  9276 | Lair:2   | Identified the amulet of Paeqehof {Regen+ Str+2 Stlth+} (You found it on level 2 of the Lair of Beasts)
  9354 | Lair:2   | Got an encrusted morningstar
  9363 | Lair:2   | Identified the +6 morningstar of Niloujot {drain, *Corrode rElec rPois} (You found it on level 2 of the Lair of Beasts)
  9484 | Lair:2   | Identified 2 scrolls of acquirement
  9738 | Lair:3   | Reached skill level 10 in Axes
  9938 | Lair:3   | Reached skill level 10 in Dodging
 10086 | Lair:3   | Noticed Rupert
 10099 | Lair:3   | Killed Rupert
 10099 | Lair:3   | Reached skill level 9 in Fighting
 10601 | Lair:4   | Noticed a five-headed hydra
 10611 | Lair:4   | Killed a six-headed hydra
 10636 | Lair:4   | Found a staircase to the Shoals.
 10691 | Lair:4   | Noticed a four-headed hydra
 10700 | Lair:4   | Killed a four-headed hydra
 10875 | Lair:4   | Found a staircase to the Snake Pit.
 11031 | Lair:4   | Noticed a four-headed hydra
 11040 | Lair:4   | Killed a four-headed hydra
 11194 | Lair:5   | Noticed a seven-headed hydra
 11201 | Lair:5   | Killed a seven-headed hydra
 11201 | Lair:5   | Reached XP level 13. HP: 133/133 MP: 9/9
 11546 | Lair:5   | You fall through a shaft!
 11546 | Lair:6   | Entered Level 6 of the Lair of Beasts
 11575 | Lair:6   | Reached ***** piety under Makhleb
 12030 | Lair:6   | Noticed Josephine
 12040 | Lair:6   | Killed Josephine
 12151 | Lair:6   | Reached skill level 10 in Fighting
 12718 | Lair:6   | Found a viscous altar of Jiyva.
 12719 | Lair:6   | Found a staircase to the Slime Pits.
 13246 | Orc:1    | Entered Level 1 of the Orcish Mines
 13357 | Orc:1    | Reached ****** piety under Makhleb
 13601 | Orc:2    | Entered Level 2 of the Orcish Mines
 13634 | Orc:2    | Found a staircase to the Elven Halls.
 14115 | D:12     | Noticed Harold
 14138 | D:12     | Killed Harold
 14785 | D:12     | Gained mutation: You resist negative energy. (rN+) [Deep Dwarf growth]
 14785 | D:12     | Reached XP level 14. HP: 103/146 MP: 10/10
 15020 | D:13     | Found Ogil's Weapon Boutique.
 15108 | D:13     | Noticed Kirke
 15123 | D:13     | Killed Kirke
 15456 | D:14     | Found a gate to the Vaults.
 15797 | D:14     | Found the +3 giant club "Skullcrusher" {speed, Str+7}
 15863 | D:14     | Reached skill level 11 in Fighting
 16428 | D:15     | Entered Level 15 of the Dungeon
 16441 | D:15     | Found a huge runed gate.
 16441 | D:15     | Found a huge runed gate.
 16804 | D:15     | Found a staircase to the Depths.
 16893 | D:15     | Found a huge runed gate.
 16893 | D:15     | Found a huge runed gate.
 16893 | D:15     | Found a huge runed gate.
 16893 | D:15     | Found a huge runed gate.
 16893 | D:15     | Found a huge runed gate.
 16893 | D:15     | Found a huge runed gate.
 16893 | D:15     | Found a huge runed gate.
 16894 | D:15     | Found a huge runed gate.
 16895 | D:15     | Found a huge runed gate.
 16920 | D:15     | Found a huge runed gate.
 16920 | D:15     | Found a huge runed gate.
 16955 | D:15     | Found a huge runed gate.
 16956 | D:15     | Found a huge runed gate.
 16957 | D:15     | Found a huge runed gate.
 16959 | D:15     | Found a huge runed gate.
 16960 | D:15     | Found a huge runed gate.
 16961 | D:15     | Found a huge runed gate.
 16961 | D:15     | Found a huge runed gate.
 16961 | D:15     | Found a huge runed gate.
 17011 | D:15     | Reached XP level 15. HP: 147/156 MP: 11/11
 17331 | Orc:2    | Noticed Nessos
 17342 | Orc:2    | Noticed Nessos
 17342 | Orc:2    | Nessos changed into Nessos the komodo dragon
 17348 | Orc:2    | Killed Nessos the komodo dragon
 17398 | Orc:2    | Noticed Saint Roka
 17635 | Orc:2    | Killed Saint Roka
 17739 | Orc:2    | Found a roughly hewn altar of Beogh.
 17756 | Orc:2    | Found Heazoczu's Antique Weapon Boutique.
 17867 | Orc:2    | Found Reuwuto's General Store.
 17887 | Orc:2    | Found Mapniot's Book Boutique.
 17902 | Orc:2    | Found Xun Xony's Antique Armour Boutique.
 17909 | Orc:2    | Bought a pair of dazzling gloves for 256 gold pieces
 17909 | Orc:2    | Bought a turquoise-encrusted plate armour for 756 gold pieces
 17915 | Orc:2    | Identified the cursed -4 pair of gloves of Weightlessness {rN+ Str+5 Int-4} (You bought it in a shop on level 2 of the Orcish Mines)
 17925 | Orc:2    | Identified the cursed +0 plate armour of Claustrophobia {rPois} (You bought it in a shop on level 2 of the Orcish Mines)
 17928 | Orc:2    | Bought a pair of embroidered gloves for 202 gold pieces
 18173 | Orc:2    | Bought a scroll of enchant weapon for 120 gold pieces
 18209 | Orc:1    | Found Goydi's Magic Scroll Boutique.
 18549 | Snake:1  | Entered Level 1 of the Snake Pit
 19034 | Snake:1  | Found Xytyuf's Magic Scroll Shoppe.
 19038 | Snake:1  | Found Coacamm's Book Emporium.
 19039 | Snake:1  | Found Ula Iri's Antique Weapon Shoppe.
 19063 | Snake:1  | Bought a scroll of acquirement for 780 gold pieces
 19565 | Snake:1  | Noticed 4thArraOfDagon's ghost (adept HaAE)
 19617 | Snake:1  | Killed 4thArraOfDagon's ghost
 19651 | Snake:2  | Noticed a nagaraja
 19668 | Snake:2  | Killed a nagaraja
 19785 | Snake:2  | Reached skill level 12 in Fighting
 19836 | Snake:2  | Noticed Asterion
 19857 | Snake:2  | Killed Asterion
 19968 | Snake:2  | Noticed Roxanne
 20460 | Snake:3  | Noticed Louise
 20474 | Snake:3  | Killed Louise
 20517 | Snake:3  | Reached XP level 16. HP: 134/167 MP: 1/10
 20521 | Snake:3  | Found Nuonuq's Armour Emporium.
 20546 | Snake:3  | Found Raubb's Gadget Boutique.
 20581 | Snake:3  | Found Zoinu's Food Boutique.
 20765 | Snake:3  | Found a shattered altar of Ashenzari.
 20787 | Snake:3  | Found Cesseu Kiama's Food Emporium.
 20819 | Snake:3  | Found Uxymadi's Armour Shoppe.
 20981 | Snake:3  | Found Pofreu's Gadget Emporium.
 20983 | Snake:3  | Found Wyutoiqosu's Jewellery Boutique.
 20984 | Snake:3  | Found Nuebauh's Gadget Emporium.
 21058 | Snake:3  | Bought the amulet "Temuh" {Reflect MR+ Slay+2 SH+3} for 477 gold pieces
 21383 | Snake:4  | Entered Level 4 of the Snake Pit
 21840 | Snake:4  | Reached skill level 15 in Shields
 21905 | Snake:4  | Reached skill level 15 in Armour
 22012 | Snake:4  | Reached skill level 13 in Fighting
 22015 | Snake:4  | Reached XP level 17. HP: 150/179 MP: 11/11
 22054 | Snake:4  | Reached skill level 15 in Axes
 22091 | Snake:4  | Reached skill level 15 in Dodging
 22429 | Snake:4  | Got a serpentine rune of Zot
 22683 | Shoals:1 | Entered Level 1 of the Shoals
 22683 | Shoals:1 | Noticed Donald
 22712 | Shoals:1 | Killed Donald
 23185 | Shoals:1 | Found Uquot's Armour Shop.
 23885 | Shoals:2 | Gained mutation: You passively map a large area around you. [Deep Dwarf growth]
 23885 | Shoals:2 | Reached XP level 18. HP: 191/191 MP: 12/12
 24614 | Shoals:4 | Entered Level 4 of the Shoals
 24616 | Shoals:4 | Noticed Polyphemus
 24633 | Shoals:4 | Killed Polyphemus
 24687 | Shoals:4 | Reached skill level 14 in Fighting
 24700 | Shoals:4 | Got a barnacled rune of Zot
 25069 | Shoals:4 | Noticed Ilsuiw
 25112 | Shoals:4 | Killed Ilsuiw
 25262 | Shoals:4 | Identified the cursed -3 pair of boots "Oqihour" {*Slow rElec Dex+4} (You found it on level 4 of the Shoals)
 25960 | Elf:1    | Entered Level 1 of the Elven Halls
 26021 | Elf:1    | Noticed Frances
 26030 | Elf:1    | Killed Frances
 26044 | Elf:1    | Found Tunaegg's Gadget Boutique.
 26262 | Elf:1    | Reached XP level 19. HP: 201/201 MP: 13/13
 26326 | Elf:1    | Found a deep blue altar of Sif Muna.
 26738 | Elf:2    | Found Fuajixys's Magic Scroll Emporium.
 26798 | Elf:2    | Found Vehoikiez's Jewellery Shoppe.
 26850 | Elf:2    | Found Caepesit's Armour Boutique.
 26855 | Elf:2    | Found Hitoh's Gadget Shoppe.
 26860 | Elf:2    | Bought a +2 large shield of fire resistance for 430 gold pieces
 26936 | Elf:2    | Found a huge runed gate.
 26936 | Elf:2    | Found a huge runed gate.
 26936 | Elf:2    | Found a huge runed gate.
 26936 | Elf:2    | Found a huge runed gate.
 26936 | Elf:2    | Found a huge runed gate.
 27196 | Elf:3    | Entered Level 3 of the Elven Halls
 27229 | Elf:3    | Found Nefemequahy's Armour Shop.
 27648 | Elf:3    | Reached skill level 15 in Fighting
 27837 | Elf:3    | Got a brightly glowing brass ring
 27837 | Elf:3    | Got a serpentine brass ring
 27842 | Elf:3    | Identified the ring of Timamu Vae {+Inv rC+ MP+9 Dex-2 Slay+2} (You took it off a deep elf death mage on level 3 of the Elven Halls)
 27844 | Elf:3    | Identified the ring "Osous Oteap" {rPois rF+} (You took it off a deep elf annihilator on level 3 of the Elven Halls)
 27880 | Elf:3    | Got a smoking marble ring
 27882 | Elf:3    | Identified the ring "Vyryuhi" {rCorr rC+ rN+} (You found it on level 3 of the Elven Halls)
 27916 | Elf:3    | Got a translucent tin ring
 27919 | Elf:3    | Got a slimy zirconium amulet
 27973 | Elf:3    | Identified the amulet "Biuc" {Gourm Str+2 Int+4} (You found it on level 3 of the Elven Halls)
 27978 | Elf:3    | Identified the ring of Dishonesty {rPois Str+2 Slay+2} (You took it off a deep elf sorcerer on level 3 of the Elven Halls)
 28321 | Elf:2    | Found Tiwofe's Antique Weapon Emporium.
 28667 | Vaults:1 | Entered Level 1 of the Vaults
 28781 | Vaults:1 | Reached XP level 20. HP: 213/213 MP: 14/14
 29310 | Vaults:1 | Found Fittiet's Jewellery Shoppe.
 29970 | Elf:2    | Bought the ring of Nyiv {rF+ rC+ rN+ Dex+4} for 1032 gold pieces
 30790 | Vaults:2 | Reached skill level 16 in Fighting
 31420 | Vaults:2 | Reached XP level 21. HP: 225/225 MP: 15/15
 31694 | Vaults:3 | Identified the cursed +0 chain mail of Vlad {rC+} (You found it on level 3 of the Vaults)
 31740 | Vaults:3 | Found Kesadd's General Store.
 31765 | Vaults:3 | Noticed Xtahua
 31778 | Vaults:3 | Killed Xtahua
 31880 | Vaults:3 | Found a staircase to the Crypt.
 33118 | Vaults:4 | Found a portal to a secret trove of treasure.
 33128 | Trove    | Entered a treasure trove
 33140 | Trove    | Identified the +2 pair of boots "Logenk" {rElec rPois rF+} (You found it in a treasure trove)
 33168 | Trove    | Found the +10 large shield of Ignorance {rN+ Int-4}
 33195 | Trove    | Got a pair of ichor-stained gloves
 33196 | Trove    | Identified the +1 pair of gloves of a Hundred Wishes {rF- Str+4 Dex+3} (You found it in a treasure trove)
 33202 | Trove    | Identified the +7 large shield "Poguifym" {+Blink} (You found it in a treasure trove)
 33204 | Trove    | Identified the +4 plate armour "Qoofarch" {Dex+7} (You found it in a treasure trove)
 33206 | Trove    | Got a jewelled shield
 33212 | Trove    | Got a pair of jewelled gloves
 33289 | Vaults:4 | Found Mituontu's Jewellery Shop.
 34284 | Crypt:1  | Entered Level 1 of the Crypt
 34383 | Crypt:1  | Noticed Frederick
 34393 | Crypt:1  | Killed Frederick
 34549 | Crypt:1  | Reached XP level 22. HP: 223/237 MP: 16/16
 35027 | Crypt:2  | Reached skill level 17 in Fighting
 35163 | Crypt:2  | Noticed Jory
 35183 | Crypt:2  | Killed Jory
 35185 | Crypt:2  | Got a steaming marble ring
 35188 | Crypt:2  | Identified the ring "Zotubb" {rF+ Int+3} (You took it off Jory on level 2 of the Crypt)
 35351 | Crypt:2  | Identified the +4 shield of Pyolyn {MR+} (You found it in a treasure trove)
 35396 | Crypt:2  | Got a scorched golden ring
 35576 | Crypt:3  | Entered Level 3 of the Crypt
 35676 | Crypt:3  | Noticed a curse toe
 35722 | Crypt:3  | Killed a curse toe
 35860 | Crypt:3  | Found a staircase to the Tomb.
 36010 | Crypt:3  | Noticed an ancient lich
 36010 | Crypt:3  | Noticed an ancient lich
 36047 | Crypt:3  | Killed an ancient lich
 36080 | Crypt:3  | Killed an ancient lich
 36087 | Crypt:3  | Got a coiled bone ring
 36105 | Crypt:3  | Got a twitching pewter amulet
 36599 | Vaults:5 | Entered Level 5 of the Vaults
 36736 | Vaults:5 | Got a silver rune of Zot
 36743 | Vaults:5 | Identified the +2 pair of gloves "Deryv" {Str+4 Dex+3 Slay+2} (You found it in a treasure trove)
 36787 | Vaults:5 | Found the -2 hat of the Alchemist {rElec rPois rF+ rC+ rN+ MR+ rMut rCorr}
 36787 | Vaults:5 | Noticed Jorgrun
 36790 | Vaults:5 | Reached skill level 18 in Fighting
 36809 | Vaults:5 | Reached XP level 23. HP: 228/250 MP: 15/15
 36815 | Vaults:5 | Killed Jorgrun
 37079 | Vaults:5 | Reached skill level 19 in Fighting
 37310 | Vaults:5 | Found Xedeiqo's Magic Scroll Emporium.
 37342 | Vaults:5 | Reached skill level 20 in Fighting
 37363 | Vaults:5 | Noticed an ancient lich
 37373 | Vaults:5 | Killed an ancient lich
 38346 | Elf:2    | Bought a scroll of enchant armour for 105 gold pieces
 38613 | Snake:1  | Bought a scroll of enchant armour for 112 gold pieces
 38821 | Depths:1 | Entered Level 1 of the Depths
 38886 | D:15     | Reached XP level 24. HP: 271/271 MP: 15/15
 38969 | Depths:1 | Reached skill level 21 in Fighting
 38995 | Depths:1 | Noticed braks's ghost (adept BaTm)
 39020 | Depths:1 | Killed braks's ghost
 39113 | Depths:2 | Found a gateway to Hell.
 39151 | Depths:3 | Found Udweux's Jewellery Boutique.
 39270 | Depths:3 | Identified the ring of Zitusaix {rPois Str+5 Dex+2} (You found it on level 2 of the Crypt)
 39272 | Depths:3 | Identified the ring of Lesser Demons {+Blink rN+ Str+3} (You found it on level 3 of the Crypt)
 39302 | Depths:3 | Identified the amulet "Saog" {Regen+ Int+6} (You took it off an ancient champion on level 3 of the Crypt)
 39404 | Depths:3 | Reached skill level 22 in Fighting
 39598 | Depths:3 | Found a one-way gate leading to the halls of Pandemonium.
 39717 | Depths:5 | Entered Level 5 of the Depths
 39900 | Depths:5 | Reached skill level 23 in Fighting
 39938 | Depths:5 | Found a gate to the Realm of Zot.
 39947 | Zot:1    | Entered Level 1 of the Realm of Zot
 39963 | Zot:1    | Found a transporter.
 40021 | Zot:1    | Found a transporter.
 40027 | Zot:1    | Got a flickering jade amulet
 40028 | Zot:1    | Identified the amulet "Fozxugoici" {+Rage MR+ Int+3} (You found it on level 1 of the Realm of Zot)
 40039 | Zot:1    | Got a glittering wooden ring
 40040 | Zot:1    | Identified the ring "Ciuxkom" {rElec Stlth-} (You found it on level 1 of the Realm of Zot)
 40188 | Zot:1    | Reached XP level 25. HP: 291/291 MP: 15/15
 40347 | Zot:3    | Reached skill level 24 in Fighting
 40454 | Zot:5    | Entered Level 5 of the Realm of Zot
 40607 | Zot:5    | Noticed an orb of fire
 40609 | Zot:5    | Noticed an orb of fire
 40610 | Zot:5    | Noticed an orb of fire
 40613 | Zot:5    | Killed an orb of fire
 40615 | Zot:5    | Noticed an ancient lich
 40618 | Zot:5    | Noticed an ancient lich
 40624 | Zot:5    | Gained mutation: You are dopey. (Int -2) [an orb of fire]
 40625 | Zot:5    | Killed an orb of fire
 40625 | Zot:5    | Reached skill level 25 in Fighting
 40627 | Zot:5    | Killed an orb of fire
 40630 | Zot:5    | Noticed an orb of fire
 40631 | Zot:5    | Killed an ancient lich
 40633 | Zot:5    | Killed an ancient lich
 40646 | Zot:5    | Killed an orb of fire
 40673 | Zot:5    | Reached XP level 26. HP: 311/311 MP: 15/15
 40725 | Zot:5    | Noticed an orb of fire
 40731 | Zot:5    | Noticed an orb of fire
 40737 | Zot:5    | Killed an orb of fire
 40737 | Zot:5    | Reached skill level 26 in Fighting
 40737 | Zot:5    | Gained mutation: Your spells are easier to cast, but less powerful. [an orb of fire]
 40747 | Zot:5    | Killed an orb of fire
 40767 | Zot:5    | Got the Orb of Zot
 40819 | Zot:5    | Noticed an ancient lich
 41155 | Depths:1 | Noticed Gimixer the pandemonium lord
 41189 | D:15     | Killed Gimixer the pandemonium lord
 41422 | D:4      | Noticed Roacur the pandemonium lord
 41422 | D:4      | Noticed an ancient lich
 41434 | D:4      | Killed Roacur the pandemonium lord
 41444 | D:4      | Killed an ancient lich
 41518 | D:$      | Escaped with the Orb!

Vault maps used:
D:1:      dpeg_arrival_another_circle, minmay_misc_feat_iff, serial_bayou_pond_a
D:2:      first_ration, minmay_heptomino_l4
D:3:      overflow_temple_1_default, serial_curves, eino_curves_01,
          eino_curves_03, eino_curves_03, nicolae_ru_path_of_blood, uniq_grinder
D:4:      uniq_menkaure, uniq_edmund
D:5:      regret_index_temple_of_mockery, minmay_temple_entry_fiery, hex_tiny
D:6:      cheibriados_altar_1
D:7:      statuecave_lemuel, kiku_gazebo_pond_becter, uniq_joseph
D:8:      nicolae_overflow_hidden_temple, serial_shops, nicolae_shop_stone,
          nicolae_shop_waterfront, shop, uniq_grum, uniq_pikel
D:9:      david_orc_3, hangedman_little_slice_of_home,
          nicolae_dithmenos_shadow_blocks
D:10:     basic_altar, minmay_misc_feat_four_crosses
D:11:     minmay_lair_entry_lava
D:12:     uniq_harold
D:13:     serial_shops, shop, lemuel_nasty_fountain, uniq_kirke
D:14:     kennysheep_big_flooded_room, david_vaults_1,
          minmay_guarded_unrand_skullcrusher
D:15:     hangedman_depths_entry_try_elsewhere_first, minmay_misc_feat_pillars,
          door_vault
Temple:   nicolae_temple_elliptical
Lair:1:   wad_woods_road_05, grunt_megastairs_3, uniq_sonja
Lair:2:   roderic_carrion_pond
Lair:3:   uniq_rupert
Lair:4:   minmay_shoals_entry_lonely_mermaid,
          minmay_snake_entry_guardpost_medium
Lair:6:   minmay_lair_end_enchanted_forest, dpeg_slime_entry_enclosed_altar,
          uniq_josephine
Shoals:1: serial_shops, nicolae_shop_behind_doors, uniq_donald
Shoals:2: cheibrodos_shoals_epimethial_gifts, nicolae_shoals_mertower
Shoals:3: nicolae_shoals_seven_spires, nicolae_shoals_undead_eyrie
Shoals:4: shoals_end_simple, shoal_ilsuiw, nicolae_shoals_kraken_party,
          uniq_polyphemus
Snake:1:  minmay_shop_star
Snake:2:  cheibrodos_forgotten_conduit, nicolae_snake_single_loop,
          serial_bayou_ford_a, uniq_roxanne, uniq_asterion
Snake:3:  serial_shops, shop, shop, shop, nicolae_shop_window_shopping, shop,
          basic_altar, minmay_shop_grove, uniq_louise
Snake:4:  snake_pit, guppyfry_snake_island, serial_bayou_shore_a,
          serial_bayou_shore_b
Orc:1:    serial_shops, shop
Orc:2:    grunt_orc_cross, uniq_nessos, uniq_saint_roka
Elf:1:    minmay_elf_arrival_circle, serial_shops, shop, basic_altar,
          minivault_28, amethyst_killhole, uniq_frances
Elf:2:    serial_shops, nicolae_shop_window_shopping, nicolae_shop_waterfront,
          shop, shop_fountains, shop_scrolls, grunt_ministairs_11
Elf:3:    minmay_elf_hall, serial_shops, shop
Vaults:1: v_rooms_3, vaults_room_grunt_arrival_checkpoint,
          grunt_vaults_diagonal, nicolae_vaults_theta, vaults_mumra_minichess,
          vaults_mumra_hexcomb, nicolae_vaults_inception_statues,
          hangedman_vaults_nails, grunt_vaults_bifocal,
          nicolae_vaults_quartermaster, nicolae_vaults_diagonal_hallway_7,
          hangedman_vaults_stretched_pinwheel, serial_shops, shop
Vaults:2: v_misc_23, nicolae_vaults_windows_and_doors_thing,
          ontoclasm_vaults_idyll, vaults_room_pool,
          nicolae_vaults_disjoint_gnomons, ontoclasm_vaults_gateway,
          ontoclasm_vaults_decontamination, nicolae_vaults_alarming,
          ontoclasm_vaults_shuriken
Vaults:3: v_alt_pattern_5, hangedman_vaults_nails, vaults_room_grid,
          minmay_crypt_entry_simple_statues, v_misc_8, st_eye,
          nicolae_vaults_network_quincunx, vaults_mumra_lcd, v_pattern_5,
          v_misc_15, grunt_vaults_twisty, v_alt_pattern_4,
          nicolae_vaults_little_squares_6, nicolae_vaults_ninety_degrees,
          nicolae_vaults_theta, nicolae_vaults_diagonal_hallway_6, serial_shops,
          nicolae_shop_stone, uniq_xtahua
Vaults:4: ontoclasm_vaults_loading_screen, nicolae_vaults_octagons,
          grunt_vaults_trifunnel, nicolae_vaults_big_ls, vaults_dpeg_diagonal,
          enter_trove_0, serial_shops, shop
Vaults:5: uniq_jorgrun
Crypt:1:  serial_sigils_hangedman_carve, grunt_megastairs_1, uniq_frederick
Crypt:2:  st_small_mortuary, uniq_jory
Crypt:3:  david_glass_crypt
Depths:1: enter_ziggurat_d, grunt_hell_horde, minmay_parallelograms,
          ashenzari_altar_1
Depths:2: hangedman_cross_veins, hell_entry, minmay_misc_feat_encased
Depths:3: hangedman_six_sided_sadism, pan_entry, serial_shops, shop,
          nicolae_shop_window_shopping, shop_fountains, shop, hell_entry,
          minmay_misc_feat_five, serial_bayou_pond_d, kennysheep_diamond,
          uniq_aizul
Depths:4: grunt_twisty_corner, serial_glass, glass_columns_b, glass_columns_c,
          due_unseen_surprise, hell_entry, minmay_misc_feat_nine_boxes,
          abyss_entry, serial_shops, shop, grunt_ministairs_4, st_stairs_10,
          infiniplex_staircase_pool_lava
Depths:5: grunt_zot_entry_gee_three, hangedman_decor_peaks_small, hellmouth_1,
          lemuel_statue_altar
Zot:1:    gammafunk_its_a_trap, grunt_ministairs_8
Zot:2:    hangedman_snake_sidewinding
Zot:3:    nicolae_transmutations_shop
Trove:    trove_armour_six_rooms

Skill      XL: |  1  2  3  4  5  6  7  8  9 10 11 12 13 14 15 16 17 18 19 20 21 22 23 24 25 26 |
---------------+-------------------------------------------------------------------------------+-----
Dodging        | 1 2 3 4 5 6 8 9 10 11 12 13 14 15 16 17 18 19 20 | 20.0
Fighting       | 3 4 5 6 7 8 9 10 11 12 13 14 15 16 18 20 23 25 26 | 26.9
Axes           | 3 4 5 6 7 8 9 10 11 12 13 14 15 17 18 20 | 20.3
Shields        | 4 5 6 7 8 10 11 12 13 14 15 16 17 18 19 20 | 20.0
Armour         | 4 5 6 7 8 10 11 12 13 14 15 16 17 18 19 20 | 20.0
Invocations    | 2 5 6 |  6.0

Action                   |  1- 3 |  4- 6 |  7- 9 | 10-12 | 13-15 | 16-18 | 19-21 | 22-24 | 25-27 || total
-------------------------+-------+-------+-------+-------+-------+-------+-------+-------+-------++-------
Melee: War axe           |   116 |   191 |    74 |    19 |       |       |       |       |       ||   400
       Flail             |       |       |   279 |   820 |       |       |       |       |       ||  1099
       Short sword       |       |       |   105 |       |       |       |       |       |       ||   105
       Broad axe         |       |       |       |   118 |   805 |  1520 |  1501 |  1402 |   457 ||  5803
       Morningstar       |       |       |       |    67 |   824 |    16 |       |       |       ||   907
Throw: Tomahawk          |       |     4 |     3 |       |       |       |       |       |       ||     7
       Throwing net      |       |       |       |     1 |       |       |       |     1 |       ||     2
Invok: Lesser Servant of |       |       |       |     2 |     9 |       |       |       |       ||    11
 Abil: Heal Wounds       |     1 |     2 |    18 |    15 |    17 |       |       |     6 |       ||    59
Evoke: Wand              |       |       |    15 |     2 |     7 |    12 |     3 |     5 |       ||    44
  Use: Potion            |       |     2 |     2 |     2 |       |       |       |       |     3 ||     9
       Scroll            |       |       |     8 |    17 |    11 |     9 |    22 |    17 |     4 ||    88
 Stab: Distracted        |       |       |       |     2 |     3 |       |     2 |       |       ||     7
       Confused          |       |       |       |       |       |       |     3 |       |       ||     3
  Eat: Chunk             |       |     3 |    32 |    41 |    49 |    14 |    17 |     8 |       ||   164
       Ration            |       |       |     1 |       |       |       |     3 |     4 |     3 ||    11
Armor: Scale mail        |    50 |       |       |    37 |       |       |       |       |       ||    87
       Chain mail        |    60 |    81 |    14 |       |       |       |       |       |       ||   155
       Skin              |       |    17 |       |       |       |       |       |       |       ||    17
       Plate armour      |       |       |   187 |   426 |   783 |   428 |   149 |       |       ||  1973
       Crystal plate arm |       |       |       |       |       |       |    24 |   314 |    90 ||   428
Dodge: Dodged            |    42 |    49 |   195 |   653 |  1119 |   647 |   250 |   346 |   108 ||  3409
Block: Shield            |    82 |   101 |   249 |   794 |  1437 |       |       |       |       ||  2663
       Large shield      |       |       |       |       |    40 |  2016 |  1136 |  1715 |   542 ||  5449
       Reflection        |       |       |       |       |       |   212 |   117 |    95 |     7 ||   431

Table legend:
 A = Spawn XP
 B = Non-spawn XP
 C = Spawn XP percentage of total XP
 D = Spawn monster count
 E = Non-spawn monster count
 F = Spawn count percentage of total count
 G = Total turns spent on level
                    A         B        C        D         E        F      G
               +---------+---------+-------+---------+---------+-------+---------
         Total |       0 | 1387619 |   0.0 |       0 |    2090 |   0.0 | 41518
               +---------+---------+-------+---------+---------+-------+---------
           D:1 |       0 |      76 |   0.0 |       0 |      34 |   0.0 |   656
           D:2 |       0 |      58 |   0.0 |       0 |      17 |   0.0 |   511
           D:3 |       0 |     698 |   0.0 |       0 |      27 |   0.0 |   735
           D:4 |       0 |     714 |   0.0 |       0 |      11 |   0.0 |   541
           D:5 |       0 |    1145 |   0.0 |       0 |      37 |   0.0 |   682
           D:6 |       0 |     532 |   0.0 |       0 |      12 |   0.0 |   792
           D:7 |       0 |    1582 |   0.0 |       0 |      24 |   0.0 |   934
           D:8 |       0 |    3539 |   0.0 |       0 |      39 |   0.0 |   900
           D:9 |       0 |    1993 |   0.0 |       0 |      24 |   0.0 |   685
          D:10 |       0 |    2463 |   0.0 |       0 |      25 |   0.0 |  1023
          D:11 |       0 |    4743 |   0.0 |       0 |      43 |   0.0 |  1119
          D:12 |       0 |    3164 |   0.0 |       0 |      15 |   0.0 |  1474
          D:13 |       0 |    7744 |   0.0 |       0 |      47 |   0.0 |   689
          D:14 |       0 |   20131 |   0.0 |       0 |      64 |   0.0 |  1190
          D:15 |       0 |   28680 |   0.0 |       0 |      46 |   0.0 |   912
        Lair:1 |       0 |    3017 |   0.0 |       0 |      12 |   0.0 |   989
        Lair:2 |       0 |    4443 |   0.0 |       0 |      19 |   0.0 |   639
        Lair:3 |       0 |    5896 |   0.0 |       0 |      17 |   0.0 |   984
        Lair:4 |       0 |    6367 |   0.0 |       0 |      16 |   0.0 |   842
        Lair:5 |       0 |    6325 |   0.0 |       0 |      24 |   0.0 |   689
        Lair:6 |       0 |   16000 |   0.0 |       0 |      65 |   0.0 |  1203
      Shoals:1 |       0 |   11646 |   0.0 |       0 |      28 |   0.0 |   666
      Shoals:2 |       0 |   33899 |   0.0 |       0 |      57 |   0.0 |   758
      Shoals:3 |       0 |   10668 |   0.0 |       0 |      27 |   0.0 |   559
      Shoals:4 |       0 |   58936 |   0.0 |       0 |      87 |   0.0 |  1112
       Snake:1 |       0 |   18227 |   0.0 |       0 |      31 |   0.0 |  1158
       Snake:2 |       0 |   15610 |   0.0 |       0 |      29 |   0.0 |   873
       Snake:3 |       0 |   20910 |   0.0 |       0 |      36 |   0.0 |   933
       Snake:4 |       0 |   78530 |   0.0 |       0 |     125 |   0.0 |  1178
         Orc:1 |       0 |    2119 |   0.0 |       0 |      26 |   0.0 |   592
         Orc:2 |       0 |   13684 |   0.0 |       0 |      77 |   0.0 |  1214
         Elf:1 |       0 |   21104 |   0.0 |       0 |      35 |   0.0 |   958
         Elf:2 |       0 |   15636 |   0.0 |       0 |      24 |   0.0 |   736
         Elf:3 |       0 |   59729 |   0.0 |       0 |      49 |   0.0 |  1130
      Vaults:1 |       0 |   68042 |   0.0 |       0 |     104 |   0.0 |  1153
      Vaults:2 |       0 |   55301 |   0.0 |       0 |      85 |   0.0 |  1502
      Vaults:3 |       0 |   78654 |   0.0 |       0 |     109 |   0.0 |  1442
      Vaults:4 |       0 |   26901 |   0.0 |       0 |      34 |   0.0 |  1228
      Vaults:5 |       0 |  161445 |   0.0 |       0 |     144 |   0.0 |  1430
       Crypt:1 |       0 |   27859 |   0.0 |       0 |      40 |   0.0 |   756
       Crypt:2 |       0 |   21724 |   0.0 |       0 |      28 |   0.0 |   598
       Crypt:3 |       0 |   69896 |   0.0 |       0 |      57 |   0.0 |   896
      Depths:1 |       0 |    9428 |   0.0 |       0 |      12 |   0.0 |   141
      Depths:2 |       0 |   19357 |   0.0 |       0 |      30 |   0.0 |   141
      Depths:3 |       0 |   53934 |   0.0 |       0 |      54 |   0.0 |   488
      Depths:4 |       0 |   30286 |   0.0 |       0 |      34 |   0.0 |   225
      Depths:5 |       0 |   33272 |   0.0 |       0 |      23 |   0.0 |   236
         Zot:1 |       0 |   30070 |   0.0 |       0 |      17 |   0.0 |   283
         Zot:2 |       0 |   26274 |   0.0 |       0 |      15 |   0.0 |   150
         Zot:3 |       0 |   27326 |   0.0 |       0 |      11 |   0.0 |    95
         Zot:4 |       0 |   14959 |   0.0 |       0 |       7 |   0.0 |    73
         Zot:5 |       0 |  152883 |   0.0 |       0 |      37 |   0.0 |   399
               +---------+---------+-------+---------+---------+-------+---------
